 Dungeon Crawl Stone Soup version 0.31-a0-148-gb92c8fe61f (webtiles) character file.

Game seed: 16094959672090993702

113 qw the Shooter (level 4, -2/40 HPs)
             Began as a Minotaur Hunter on June 7, 2023.
             Shot with an arrow by a centaur (11 damage)
             ... on level 4 of the Dungeon.
             The game lasted 00:00:53 (1912 turns).

qw the Shooter (Minotaur Hunter)                    Turns: 1912, Time: 00:00:54

Health: -2/40      AC:  6    Str: 15    XL:     4   Next: 65%
Magic:  3/3        EV: 11    Int:  6    God:
Gold:   97         SH:  0    Dex: 16    Spells: 3/3 levels left

rFire   . . .        Y - +0 shortbow
rCold   . . .        (shield currently unavailable)
rNeg    . . .        d - +0 ring mail
rPois   .            (helmet restricted)
rElec   .            (no cloak)
rCorr   .            (no gloves)
SInv    .            k - +0 pair of boots
Will    .....        (no amulet)
Stlth   +            (no ring)
HPRegen 0.26/turn    (no ring)
MPRegen 0.08/turn

%: no passive effects
@: no status effects
A: horns 2, retaliatory headbutt
a: no special abilities


You were on level 4 of the Dungeon.
You visited 1 branch of the dungeon, and saw 4 of its levels.

You collected 97 gold pieces.


Innate Abilities, Weirdness & Mutations

You have a pair of horns on your head.
You reflexively headbutt those who attack you in melee.


   Skills:
 + Level 3.6 Fighting
 - Level 6.0 Ranged Weapons
 - Level 1.3 Armour
 - Level 2.1 Dodging
 - Level 0.7 Stealth


You had 3 spell levels left.
You didn't know any spells.
Your spell library was empty.

Inventory:

Hand Weapons
 Y - a +0 shortbow (weapon)
Armour
 d - a +0 ring mail (worn)
 k - a +0 pair of boots (worn)
Scrolls
 a - a scroll of identify
Potions
 b - a potion of curing
 e - 2 potions of heal wounds
 g - a potion of degeneration {unknown}
 h - a potion of attraction {unknown}

Dungeon Overview and Level Annotations

Branches:
Dungeon (4/15)
 Temple: D:4-7

Altars:
Ashenzari
Hepliaklqana
Makhleb
Xom
Yredelemnul
Zin


Message History

As you read the scroll labelled VEYTZE OMAI, it crumbles to dust.
You hear a loud clanging noise!
It was a scroll of noise.
Done exploring.
1878 ||| DRINKING 2 glowing clear potions.
It was a potion of curing.
You feel better.
Done exploring.
1879 ||| READING 2 scrolls of identify.
As you read the scroll of identify, it crumbles to dust.
f - a potion of magic;
1879 ||| IDENTIFYING black potion Done exploring.
1880 ||| DROPPING potion of magic.
You drop a potion of magic.
Done exploring.
(D) Dungeon
Where to? (* - list waypoints, Enter - D:3, ? - help)
What level of the Dungeon? (default 1, ? - help)
There is an escape hatch in the floor here.
There is a stone staircase leading down here.
You climb downwards.
There is a stone staircase leading up here.
Waypoint 3 assigned to D:4.
You open the door.
Found a book of the Hunter.
There is an open door here.
There is an open door here.
You open the door.
A centaur comes into view.
The centaur shouts!
The centaur wields a +2 shortbow of flaming.
It bursts into flame!
The centaur shoots an arrow.
The arrow hits you! The arrow burns you.
You shoot an arrow. The arrow hits the centaur.
The centaur is lightly wounded.
The centaur shoots an arrow.
The arrow hits you. The arrow burns you.
The centaur shoots an arrow.
The arrow hits you. The arrow burns you.
You shoot an arrow. The arrow hits the centaur!
The centaur is heavily wounded.
The centaur shoots an arrow.
The arrow hits you. The arrow burns you.
The centaur shoots an arrow.
The arrow hits you!
You die...

##### ##...#
. #....# ..
#....# ..#
#....# ..c.
#....# .....
#....#......
#...@'......
#....#.....#
#..<.# #####
.#####'###
..........#
..........#
:.........#
..........#
..........#


You could see a centaur.

Vanquished Creatures
  4 adders
  3 worms
  5 dart slugs
  4 ball pythons
  2 bats (D:1)
  7 endoplasms
  2 giant cockroaches
  6 hobgoblins
  4 jackals (D:3)
  3 quokkas
  2 frilled lizards (D:1)
  3 goblins
  5 kobolds
  5 rats
55 creatures vanquished.

Notes
Turn   | Place    | Note
-------+----------+-------------------------------------------
     0 | D:1      | qw the Minotaur Hunter began the quest for the Orb.
     0 | D:1      | Reached XP level 1. HP: 18/18 MP: 0/0
     0 | D:1      | 0 ||| qw: Version: 0.2-a-117-gc6b5c8b
     0 | D:1      | 0 ||| qw: Game counter: 2552
     0 | D:1      | 0 ||| qw: Always use a shield: true
     0 | D:1      | 0 ||| qw: God list: Okawaru
     0 | D:1      | 0 ||| qw: Allow faded altars: false
     0 | D:1      | 0 ||| qw: Do Orc after D:15 true
     0 | D:1      | 0 ||| qw: Do second Lair branch before Depths: true
     0 | D:1      | 0 ||| qw: Lair rune preference: random
     0 | D:1      | 0 ||| qw: Plans: Normal
     0 | D:1      | 0 ||| PLANNING D:1-11
    73 | D:1      | Reached XP level 2. HP: 25/25 MP: 1/1
    76 | D:1      | Reached skill level 5 in Ranged Weapons
   206 | D:1      | 206 ||| Stepping ~*~*~tactically~*~*~ (outnumbered).
   209 | D:1      | 209 ||| FLEEEEING.
   210 | D:1      | 210 ||| FLEEEEING.
   211 | D:1      | 211 ||| FLEEEEING.
   212 | D:1      | 212 ||| FLEEEEING.
   215 | D:1      | Reached skill level 3 in Fighting
   297 | D:1      | Reached XP level 3. HP: 31/31 MP: 2/2
   489 | D:1      | 489 ||| UPGRADING to +0 ring mail.
   499 | D:1      | 499 ||| DROPPING +0 leather armour.
   500 | D:1      | 500 ||| READING scroll labelled HOLUXK KOMAHU.
   501 | D:1      | 501 ||| READING scroll labelled BIUMNO REQECH.
   502 | D:1      | 502 ||| READING scroll labelled KUGODYH JEVANN.
   503 | D:1      | 503 ||| DRINKING 3 fizzy inky potions.
   504 | D:1      | 504 ||| DROPPING scroll of butterflies.
   641 | D:2      | Reached skill level 1 in Armour
   844 | D:2      | Reached XP level 4. HP: 36/38 MP: 3/3
  1159 | D:2      | 1159 ||| DROPPING ring of flight.
  1160 | D:2      | 1160 ||| READING scroll labelled JAOXKU GIUL.
  1164 | D:2      | 1164 ||| DRINKING 2 inky potions.
  1165 | D:2      | 1165 ||| READING 2 scrolls of identify.
  1165 | D:2      | 1165 ||| IDENTIFYING orange potion
  1166 | D:2      | 1166 ||| DROPPING potion of lignification.
  1167 | D:2      | 1167 ||| DROPPING potion of brilliance.
  1233 | D:3      | Reached skill level 6 in Ranged Weapons
  1620 | D:3      | Found a shimmering altar of Xom.
  1632 | D:3      | Found a glowing silver altar of Zin.
  1638 | D:3      | Found a hazy altar of Hepliaklqana.
  1643 | D:3      | Found a broken altar of Ashenzari.
  1649 | D:3      | Found a basalt altar of Yredelemnul.
  1654 | D:3      | Found a burning altar of Makhleb.
  1770 | D:3      | 1770 ||| UPGRADING to +0 pair of boots.
  1775 | D:3      | 1775 ||| READING scroll labelled TERUBA CIUDDO.
  1776 | D:3      | 1776 ||| READING scroll labelled BIOXTA KIYL.
  1877 | D:3      | 1877 ||| READING scroll labelled VEYTZE OMAI.
  1878 | D:3      | 1878 ||| DRINKING 2 glowing clear potions.
  1879 | D:3      | 1879 ||| READING 2 scrolls of identify.
  1879 | D:3      | 1879 ||| IDENTIFYING black potion
  1880 | D:3      | 1880 ||| DROPPING potion of magic.
  1910 | D:4      | Noticed a centaur
  1912 | D:4      | HP: 9/40 [centaur/arrow (3)]
  1912 | D:4      | Shot with an arrow by a centaur

Levels and vault maps discovered:
D:1:      heliophobic_arrival_enchanted_forest, layout_rooms,
          minmay_misc_feat_square
D:2:      layout_loops_ring
D:3:      layout_basic, nicolae_overflow_hallway_of_the_gods,
          corexii_leaking_fountain, kennysheep_generic_room_2
D:4:      layout_gridville, minmay_temple_entry_antechambers, nicolae_half_adder

Skill      XL: |  1  2  3  4 |
---------------+-------------+-----
Ranged Weapons | 5 6 |  6.0
Fighting       | 3 |  3.6
Armour         | 1 |  1.3
Dodging        | |  2.1
Stealth        | |  0.7

Action                     |  1- 3 |  4- 6 || total
---------------------------+-------+-------++-------
   Fire: Shortbow          |   101 |    56 ||   157
    Use: Scroll            |     3 |     6 ||     9
         Potion            |     1 |     2 ||     3
 Armour: Leather armour    |     4 |       ||     4
         Ring mail         |     2 |    12 ||    14
  Dodge: Dodged            |    14 |    19 ||    33

Table legend:
 A = Non-vault XP
 B = Vault XP
 C = Vault XP percentage of total XP
 D = Non-vault monster count
 E = Vault monster count
 F = Vault count percentage of total count
                 A         B        C        D         E       F
            +---------+---------+-------+---------+---------+-------
      Total |     157 |       5 |   3.1 |      52 |       3 |   5.5
            +---------+---------+-------+---------+---------+-------
        D:1 |      55 |       0 |   0.0 |      27 |       0 |   0.0
        D:2 |      48 |       0 |   0.0 |      10 |       0 |   0.0
        D:3 |      54 |       5 |   8.5 |      15 |       3 |  16.7
            +---------+---------+-------+---------+---------+-------
